 Dungeon Crawl Stone Soup version 0.24-a0-762-gca426f56c8 (webtiles) character file.

Game seed: 9050232548834120783, levelgen mode: deterministic

460 Peloso the Shield-Bearer (level 6, -1/53 HPs)
             Began as a Minotaur Fighter on Oct 3, 2019.
             Slain by a goblin (2 damage)
             ... led by Robin
             ... on level 3 of the Dungeon.
             The game lasted 00:04:30 (1493 turns).

Peloso the Shield-Bearer (Minotaur Fighter)         Turns: 1493, Time: 00:04:30

Health: -1/53      AC:  9    Str: 26    XL:     6   Next: 78%
Magic:  5/5        EV:  7    Int:  5    God:
Gold:   79         SH: 10    Dex: 11    Spells: 5/5 levels left

rFire    . . .     SeeInvis .   a - +0 long sword
rCold    . . .     Gourm    .   c - +0 shield
rNeg     . . .     Faith    .   b - +0 chain mail
rPois    .         Spirit   .   (helmet restricted)
rElec    .         Reflect  .   (no cloak)
rCorr    .         Harm     .   (no gloves)
MR       .....                  (no boots)
Stlth    ..........             (no amulet)
HPRegen  0.17/turn              (no ring)
MPRegen  0.09/turn              (no ring)

@: mighty
A: retaliatory headbutt, horns 2
a: no special abilities


You were on level 3 of the Dungeon.
You were very hungry.

You visited 1 branch of the dungeon, and saw 3 of its levels.

You collected 79 gold pieces.

Inventory:

Hand Weapons
 a - a +0 long sword (weapon)
Armour
 b - a +0 chain mail (worn)
 c - a +0 shield (worn)
Scrolls
 e - 5 scrolls of identify {unknown}
 h - 2 scrolls of remove curse {unknown}
 i - a scroll of blinking {unknown}
 l - a scroll of enchant armour {unknown}
 n - a scroll of amnesia {unknown}
Potions
 d - a potion of might
 g - 2 potions of curing {unknown}
 j - a potion of flight {unknown}
 k - a potion of degeneration {unknown}
 m - a potion of haste
Comestibles
 f - 5 rations


   Skills:
 + Level 4.7 Fighting
 + Level 5.3 Long Blades
 + Level 5.3 Armour
 + Level 2.0 Dodging
 + Level 0.3 Stealth
 + Level 5.6 Shields


You had 5 spell levels left.
You didn't know any spells.
Your spell library was empty.

Dungeon Overview and Level Annotations

Branches:
Dungeon (3/15)

Altars:
Ashenzari
Xom


Innate Abilities, Weirdness & Mutations

You reflexively headbutt those who attack you in melee.
You have a pair of horns on your head.


Message History

* * * LOW HITPOINT WARNING * * *
You slash Sigmund! You headbutt Sigmund.
You kill Sigmund!
Your Long Blades skill increases to level 5!
Your Dodging skill increases to level 2!
You block the goblin's attack. The hobgoblin hits you with a +0 club.
* * * LOW HITPOINT WARNING * * *
Unknown command.
Your chain mail prevents you from hitting the goblin.
The goblin hits you but does no damage. x2; You block the hobgoblin's attack.
Unknown command.
You closely miss the goblin. The goblin hits you but does no damage.
You block the goblin's attack.
The hobgoblin hits you but does no damage.
You block the goblin's attack. The goblin hits you.
* * * LOW HITPOINT WARNING * * *
You slash the goblin!
You kill the goblin!
The goblin hits you.
You die...

#. .g# .. ..# ##.
..# .. ..# #
#######.#.%#.#
..#.........###
#####.#####(.......
....#'#...(g###.###
....#_#...(g@.#
....###..(..#(#
..........###.#
............#.#
..#.....###.#.#
#...... #.#.#
#.#####.#.#/# ..
.#.#.#
###############.#.#


You could see a hobgoblin and a goblin.

Vanquished Creatures
  Grinder (D:3)
  Sigmund (D:3)
  Robin (D:3)
  An adder (D:3)
  2 dart slugs (D:1)
  A leopard gecko (D:2)
  3 orcs (D:3)
  8 bats
  2 giant cockroaches (D:1)
  12 goblins
  11 hobgoblins
  9 jackals
  2 quokkas
  A ball python (D:1)
  4 frilled lizards
  8 kobolds
  9 rats
76 creatures vanquished.

Notes
Turn   | Place    | Note
-------+----------+-------------------------------------------
     0 | D:1      | Peloso the Minotaur Fighter began the quest for the Orb.
     0 | D:1      | Reached XP level 1. HP: 19/19 MP: 0/0
   119 | D:1      | Reached XP level 2. HP: 25/27 MP: 1/1
   141 | D:1      | Found a shimmering altar of Xom.
   467 | D:1      | Reached XP level 3. HP: 32/33 MP: 2/2
   475 | D:1      | Reached skill level 1 in Dodging
  1225 | D:3      | Reached XP level 4. HP: 40/40 MP: 3/3
  1431 | D:3      | Found a shattered altar of Ashenzari.
  1437 | D:3      | Noticed Grinder
  1443 | D:3      | Noticed Robin
  1443 | D:3      | Noticed Sigmund
  1464 | D:3      | Paralysed by Grinder for 2 turns
  1469 | D:3      | Killed Robin
  1481 | D:3      | Killed Grinder
  1481 | D:3      | Reached skill level 5 in Armour
  1481 | D:3      | Reached skill level 5 in Shields
  1481 | D:3      | Reached XP level 5. HP: 13/47 MP: 4/4
  1481 | D:3      | Reached XP level 6. HP: 15/53 MP: 5/5
  1490 | D:3      | Killed Sigmund
  1490 | D:3      | Reached skill level 5 in Long Blades
  1492 | D:3      | HP: 1/53 [goblin[Robin] (2)]
  1493 | D:3      | Slain by a goblin

Levels and vault maps discovered:
D:1:      evilmike_arrival_sounds_zot, layout_basic, xom_teletrap_fun
D:2:      layout_rooms
D:3:      minmay_roachtagon, layout_basic, lemuel_coloured_pillars_altar,
          ashenzari_conservatory_becter, minmay_misc_feat_diagonals, uniq_robin,
          uniq_sigmund, uniq_grinder

Skill      XL: |  1  2  3  4  5  6 |
---------------+-------------------+-----
Armour         | 4 5 |  5.3
Shields        | 4 5 |  5.6
Fighting       | 4 |  4.7
Dodging        | 1 2 |  2.0
Long Blades    | 3 4 5 |  5.3
Stealth        | |  0.3

Action                   |  1- 3 |  4- 6 || total
-------------------------+-------+-------++-------
Melee: Long sword        |   125 |    54 ||   179
       Headbutt          |    16 |    11 ||    27
  Use: Potion            |       |     1 ||     1
  Eat: Chunk             |       |     1 ||     1
Armor: Scale mail        |    64 |       ||    64
       Chain mail        |     4 |    42 ||    46
Dodge: Dodged            |    50 |    20 ||    70
Block: Shield            |    97 |    43 ||   140
       Rpst.: Long sword |    17 |     4 ||    21

Table legend:
 A = Non-vault XP
 B = Vault XP
 C = Vault XP percentage of total XP
 D = Non-vault monster count
 E = Vault monster count
 F = Vault count percentage of total count
                 A         B        C        D         E       F
            +---------+---------+-------+---------+---------+-------
      Total |     134 |     524 |  79.6 |      68 |       8 |  10.5
            +---------+---------+-------+---------+---------+-------
        D:1 |      50 |       0 |   0.0 |      27 |       0 |   0.0
        D:2 |      37 |       0 |   0.0 |      23 |       0 |   0.0
        D:3 |      47 |     524 |  91.8 |      18 |       8 |  30.8
            +---------+---------+-------+---------+---------+-------
